Kradschützen Motorcycle Team
Selects Italian Combined Arms Battlegroup
Selects Italian Combined Arms Battlegroup
Selects Bersaglieri Squad
Construct Light Support Kompanie
Selects Bersaglieri Bolster
Construct Mechanized Kompanie
Construct Mechanized Kompanie
Selects Breda Model 30 Light Machine Guns
Marder III Tank Destroyer
Selects Semovente da 75/18 Assault Gun
Marder III Tank Destroyer
Marder III Tank Destroyer